Wranglers vs Thunderbirds
Created - December 10, 2024 at 19:24
Goals
|
| Wranglers |
3 |
1 |
1 |
5 |
| Thunderbirds |
3 |
2 |
2 |
7 |
|
Shots
|
| Wranglers |
12 |
11 |
16 |
39 |
| Thunderbirds |
8 |
15 |
14 |
37 |
|
1st period
1. Thunderbirds , Pierre Engvall 5 (Calen Addison 5, Joachim Blichfeld 12) at 4:05
2. Wranglers , Peter Cehlarik 21 (Christian Jaros 6) at 7:06
3. Thunderbirds , Rourke Chartier 8 (Joachim Blichfeld 13, Pierre Engvall 6) at 7:14
4. Thunderbirds , Paul Cotter 3 (Emil Bemstrom 6, Rourke Chartier 19) at 8:05
5. Wranglers , Peter Cehlarik 22 (Nico Sturm 25, Barclay Goodrow 16) at 13:15
6. Wranglers , Chandler Stephenson 5 (Jesper Bratt 7, Ryan Donato 3) at 13:52
Penalties :
Taylor Raddysh (Cal) for Interference (Minor) at 8:57
2nd period
7. Thunderbirds , Rasmus Kupari 3 (Artturi Lehkonen 7, Paul Cotter 4) at 3:39
8. Thunderbirds , Anthony Richard 5 (Dylan Sikura 9, Matt Roy 6) at 5:23
9. Wranglers , Nico Sturm 12 (Peter Cehlarik 19) at 17:49
Penalties :
Christian Jaros (Cal) for Tripping (Minor) at 9:08, Emil Bemstrom (Spr) for Interference (Minor) at 12:24, Frank Corrado (Cal) for Holding (Minor) at 19:29
3rd period
10. Thunderbirds , Sami Niku 2 (Emil Bemstrom 7, Anthony Richard 16) at 0:36 (PP)
11. Thunderbirds , Anthony Richard 6 (Sami Niku 9, Emil Bemstrom 8) at 11:11
12. Wranglers , Chandler Stephenson 6 (Jesper Bratt 8, Erik Brannstrom 17) at 13:32
Penalties :
No Penalty
Goalie Stats
Joel Hofer (Cal), 10 saves from 15 shots - (0.667), 25:23 minutes
Vitek Vanecek (Cal), 20 saves from 22 shots - (0.909), L, 11-3-1, 34:37 minutes
Magnus Hellberg (Spr), 34 saves from 39 shots - (0.872), W, 3-1-0, 60:00 minutes
Players Stats for Wranglers
Player Name G A P +/- PIM S H SB GA TA FO MP PP MP PK MP
------------------------------------------------------------------------------------
Barclay Goodrow 0 1 1 1 0 0 1 0 1 1 1/3 21:15 1:08 1:17
Brandon Hickey 0 0 0 0 0 0 1 0 0 0 0/0 20:39 0:33 1:36
Chandler Stephenson 2 0 2 1 0 5 2 0 0 0 8/16 17:04 0:51 0:24
Christian Jaros 0 1 1 0 2 1 0 2 0 0 0/0 17:13 0:33 0:48
Dominik Masin 0 0 0 0 0 1 0 2 0 0 0/0 16:49 0:00 3:27
Erik Brannstrom 0 1 1 -1 0 5 2 2 1 1 0/0 24:50 1:26 1:59
Frank Corrado 0 0 0 -1 2 0 2 3 1 2 0/0 27:26 1:26 2:20
Jesper Bratt 0 2 2 1 0 3 1 0 1 0 0/0 16:56 0:51 0:00
Kaapo Kakko 0 0 0 0 0 0 0 0 0 0 0/0 6:49 0:00 0:00
Nico Sturm 1 1 2 1 0 5 1 0 0 0 9/26 21:24 1:08 1:26
Peter Cehlarik 2 1 3 1 0 6 3 1 1 0 4/6 23:09 1:08 3:15
Phillip Danault 0 0 0 -3 0 2 0 0 1 0 9/15 14:43 0:00 3:15
Ryan Donato 0 1 1 1 0 2 3 0 0 0 0/0 15:42 0:00 0:00
Tanner Jeannot 0 0 0 -3 0 3 0 0 1 1 0/0 11:49 0:51 0:00
Taylor Raddysh 0 0 0 -3 2 2 2 0 0 0 0/1 11:31 0:00 0:00
Trevor Carrick 0 0 0 0 0 1 1 1 0 0 0/0 13:22 0:00 0:00
Vitali Kravtsov 0 0 0 0 0 3 0 0 0 1 0/0 7:22 0:00 0:33
Vladislav Kamenev 0 0 0 0 0 0 2 0 0 0 0/1 6:49 0:00 0:00
Players Stats for Thunderbirds
Player Name G A P +/- PIM S H SB GA TA FO MP PP MP PK MP
------------------------------------------------------------------------------------
Anthony Richard 2 1 3 -1 0 9 1 0 0 0 5/10 18:47 2:30 0:29
Artturi Lehkonen 0 1 1 0 0 1 0 1 1 0 0/0 8:01 0:00 0:22
Calen Addison 0 1 1 1 0 1 2 0 0 1 0/0 27:16 2:36 0:54
Dylan Blujus 0 0 0 1 0 1 2 1 0 1 0/0 21:23 0:00 1:05
Dylan Sikura 0 1 1 -1 0 0 1 1 0 1 0/0 15:58 0:00 0:29
Emil Bemstrom 0 3 3 1 2 4 2 0 1 0 1/1 13:30 2:30 0:00
Frederic Allard 0 0 0 0 0 0 1 0 0 0 0/0 12:41 0:00 1:05
Henri Jokiharju 0 0 0 0 0 1 1 5 0 2 0/0 23:56 2:29 0:54
Joachim Blichfeld 0 2 2 1 0 3 2 1 0 1 1/2 21:30 2:35 0:00
Matt Roy 0 1 1 0 0 1 2 2 1 0 0/0 19:55 2:29 0:00
Michael Rasmussen 0 0 0 -1 0 3 0 0 0 0 1/2 17:58 2:35 0:00
Paul Cotter 1 1 2 1 0 1 1 0 0 0 1/2 13:30 2:30 0:00
Pierre Engvall 1 1 2 1 0 2 2 0 0 1 0/3 19:57 0:00 1:08
Rasmus Kupari 1 0 1 0 0 1 0 0 1 0 3/3 7:47 0:00 0:00
Rourke Chartier 1 1 2 1 0 5 0 0 2 0 18/33 21:30 2:35 0:00
Sami Niku 1 1 2 0 0 1 1 0 0 0 0/0 14:33 2:36 0:00
Trent Frederic 0 0 0 1 0 1 0 0 0 0 7/12 11:44 0:00 1:08
Trey Fix-Wolansky 0 0 0 0 0 2 1 0 0 0 0/0 8:04 0:00 0:22
3 Stars
1 - Peter Cehlarik (Cal)
2 - Anthony Richard (Spr)
3 - Chandler Stephenson (Cal)
Power Play
Wranglers - 0 on 1 Attempt(s) - 0.00%
Thunderbirds - 1 on 3 Attempt(s) - 33.33%
Penalty Kill
Wranglers - 2 on 3 Attempt(s) - 66.67%
- Score 0 goal in Penalty Kill
Thunderbirds - 1 on 1 Attempt(s) - 100.00%
- Score 0 goal in Penalty Kill
Team Stat
Wranglers - Hits : 21 - Faceoff Wins : 31 - Blocked Shots : 11 - Penalty Minutes : 6
Thunderbirds - Hits : 19 - Faceoff Wins : 37 - Blocked Shots : 11 - Penalty Minutes : 2
Official
Referees : Conor O'Donnell and Beaudry Halkidis
Linesman : Jonny Murray and Scott Cherrey
Game Notes
Vitek Vanecek enters game at 5:23 of 2nd period
9:47 of 2nd period - Thunderbirds goal is going for a video replay. After video review, No Goal. The goalkeeper has been pushed into the net together with the puck after making a save.
17:47 of 2nd period - Wranglers goal is going for a video replay. After video review, No Goal. The net was displaced accidentally.
Finance
Level 1 -- Attendance: 1707 (85.35%) -- Ticket Income $119,490
Level 2 -- Attendance: 935 (93.50%) -- Ticket Income $37,400
Total Attendance: 2642 (88.07%)
Total Ticket Income: $156,890
Other Income: $7,844
Total Income: $164,734
Wranglers
5 vs 5 Forward
Center Left Wing Right Wing Time % Phy DF OF
1 Nico Sturm Peter Cehlarik Barclay Goodrow 40 1 2 2
2 Chandler Stephenson Jesper Bratt Ryan Donato 30 1 2 2
3 Phillip Danault Tanner Jeannot Taylor Raddysh 20 1 2 2
4 Vladislav Kamenev Vitali Kravtsov Kaapo Kakko 10 1 2 2
5 vs 5 Defense
Defense Defense Time % Phy DF OF
1 Erik Brannstrom Frank Corrado 40 1 2 2
2 Brandon Hickey Christian Jaros 30 1 2 2
3 Dominik Masin Trevor Carrick 20 1 2 2
4 Brandon Hickey Frank Corrado 10 1 2 2
PowerPlay Forward
Center Left Wing Right Wing Time % Phy DF OF
1 Nico Sturm Peter Cehlarik Barclay Goodrow 60 1 2 2
2 Chandler Stephenson Jesper Bratt Tanner Jeannot 40 1 2 2
PowerPlay Defense
Defense Defense Time % Phy DF OF
1 Erik Brannstrom Frank Corrado 60 1 2 2
2 Brandon Hickey Christian Jaros 40 1 2 2
Penalty Kill 4 Players Forward
Center Wing Time % Phy DF OF
1 Phillip Danault Peter Cehlarik 60 1 2 2
2 Nico Sturm Barclay Goodrow 40 1 2 2
Penalty Kill 4 Players Defense
Defense Defense Time % Phy DF OF
1 Dominik Masin Frank Corrado 60 1 2 2
2 Brandon Hickey Christian Jaros 40 1 2 2
Penalty Kill - 3 Players Forward
Forward Time % Phy DF OF
1 Phillip Danault 60 1 2 2
2 Nico Sturm 40 1 2 2
Penalty Kill - 3 Players Defense
Defense Defense Time % Phy DF OF
1 Dominik Masin Frank Corrado 60 1 2 2
2 Brandon Hickey Christian Jaros 40 1 2 2
4 vs 4 Forward
Center Wing Time % Phy DF OF
1 Nico Sturm Peter Cehlarik 60 1 2 2
2 Chandler Stephenson Phillip Danault 40 1 2 2
4 vs 4 Defense
Defense Defense Time % Phy DF OF
1 Dominik Masin Frank Corrado 60 1 2 2
2 Brandon Hickey Christian Jaros 40 1 2 2
Last Minutes Offensive
Center Left Wing Right Wing Defense Defense
Nico Sturm Peter Cehlarik Barclay Goodrow Erik Brannstrom Frank Corrado
Last Minutes Defensive
Center Left Wing Right Wing Defense Defense
Nico Sturm Peter Cehlarik Barclay Goodrow Dominik Masin Frank Corrado
Goaltenders
Starting : Joel Hofer
Backup : Vitek Vanecek
Extra Forwards
Normal : Jesper Bratt, Peter Cehlarik, Nico Sturm - PP : Jesper Bratt, Chandler Stephenson - PK : Nico Sturm
Extra Defensemen
Normal : Christian Jaros, Brandon Hickey, Dominik Masin - PP : Dominik Masin - PK : Erik Brannstrom, Christian Jaros
Penalty Shots
Jesper Bratt, Peter Cehlarik, Nico Sturm, Chandler Stephenson, Barclay Goodrow
Custom OT Lines Forwards
Tanner Jeannot, Peter Cehlarik, Chandler Stephenson, Nico Sturm, Jesper Bratt, Taylor Raddysh, Phillip Danault, Ryan Donato, Barclay Goodrow, Vladislav Kamenev
Custom OT Lines Defensemen
Erik Brannstrom, Frank Corrado, Brandon Hickey, Christian Jaros, Dominik Masin
Scratches
Filip Hallander (Healthy), Skyler Brind'Amour (Healthy), Darren Raddysh (Healthy), Tim Berni (Healthy), Petteri Lindbohm (Healthy)
Ivan Chekhovich (Healthy), Radim Zohorna (Healthy), Demetrios Koumontzis (Healthy), Zac Jones (Healthy), Yegor Zaitsev (Healthy)
Lucas Feuk (Healthy), Cole Schwindt (Healthy), Collin Delia (Healthy)
Thunderbirds
5 vs 5 Forward
Center Left Wing Right Wing Time % Phy DF OF
1 Rourke Chartier Pierre Engvall Joachim Blichfeld 40 1 2 2
2 Anthony Richard Michael Rasmussen Dylan Sikura 30 1 2 2
3 Trent Frederic Paul Cotter Emil Bemstrom 20 1 2 2
4 Rasmus Kupari Artturi Lehkonen Trey Fix-Wolansky 10 1 2 2
5 vs 5 Defense
Defense Defense Time % Phy DF OF
1 Calen Addison Henri Jokiharju 40 1 2 2
2 Dylan Blujus Matt Roy 30 1 2 2
3 Frederic Allard Sami Niku 20 1 2 2
4 Calen Addison Dylan Blujus 10 1 2 2
PowerPlay Forward
Center Left Wing Right Wing Time % Phy DF OF
1 Rourke Chartier Michael Rasmussen Joachim Blichfeld 60 1 2 2
2 Anthony Richard Paul Cotter Emil Bemstrom 40 1 2 2
PowerPlay Defense
Defense Defense Time % Phy DF OF
1 Sami Niku Calen Addison 60 1 2 2
2 Matt Roy Henri Jokiharju 40 1 2 2
Penalty Kill 4 Players Forward
Center Wing Time % Phy DF OF
1 Trent Frederic Pierre Engvall 60 1 2 2
2 Anthony Richard Dylan Sikura 40 1 2 2
Penalty Kill 4 Players Defense
Defense Defense Time % Phy DF OF
1 Henri Jokiharju Calen Addison 60 1 2 2
2 Dylan Blujus Frederic Allard 40 1 2 2
Penalty Kill - 3 Players Forward
Forward Time % Phy DF OF
1 Trent Frederic 60 1 2 2
2 Anthony Richard 40 1 2 2
Penalty Kill - 3 Players Defense
Defense Defense Time % Phy DF OF
1 Dylan Blujus Henri Jokiharju 60 1 2 2
2 Calen Addison Frederic Allard 40 1 2 2
4 vs 4 Forward
Center Wing Time % Phy DF OF
1 Rourke Chartier Michael Rasmussen 60 1 2 2
2 Anthony Richard Artturi Lehkonen 40 1 2 2
4 vs 4 Defense
Defense Defense Time % Phy DF OF
1 Henri Jokiharju Dylan Blujus 60 1 2 2
2 Matt Roy Calen Addison 40 1 2 2
Last Minutes Offensive
Center Left Wing Right Wing Defense Defense
Rourke Chartier Michael Rasmussen Joachim Blichfeld Calen Addison Sami Niku
Last Minutes Defensive
Center Left Wing Right Wing Defense Defense
Trent Frederic Pierre Engvall Dylan Sikura Henri Jokiharju Frederic Allard
Goaltenders
Starting : Magnus Hellberg
Backup : Emil Larmi
Extra Forwards
Normal : Rasmus Kupari, Dylan Sikura, Trey Fix-Wolansky - PP : Trent Frederic, Artturi Lehkonen - PK : Trey Fix-Wolansky
Extra Defensemen
Normal : Frederic Allard, Sami Niku, Calen Addison - PP : Sami Niku - PK : Frederic Allard, Dylan Blujus
Penalty Shots
Rourke Chartier, Anthony Richard, Joachim Blichfeld, Trey Fix-Wolansky, Rasmus Kupari
Custom OT Lines Forwards
Rourke Chartier, Pierre Engvall, Dylan Sikura, Joachim Blichfeld, Anthony Richard, Trent Frederic, Artturi Lehkonen, Michael Rasmussen, Emil Bemstrom, Paul Cotter
Custom OT Lines Defensemen
Calen Addison, Henri Jokiharju, Dylan Blujus, Frederic Allard, Matt Roy
Scratches
Nathan Smith (Healthy), Jeremy Lauzon (Left Hip Injury), Alex Vlasic (Healthy), Rafael Harvey-Pinard (Healthy), Nicholas Robertson (Healthy)
Arturs Silovs (Healthy)
% Time on Ice - Wranglers
Lines # - Real PCT - Wanted PCT - Time Play
Normal Forward
1 - 36% - 40% - 19:02
2 - 31% - 30% - 16:14
3 - 20% - 20% - 10:51
4 - 13% - 10% - 6:49
Normal Defense
1 - 40% - 40% - 21:04
2 - 28% - 30% - 15:02
3 - 25% - 20% - 13:22
4 - 7% - 10% - 3:28
PP Forward
1 - 57% - 60% - 1:08
2 - 43% - 40% - 0:51
PP Defense
1 - 72% - 60% - 1:26
2 - 28% - 40% - 0:33
PK Forward
1 - 75% - 60% - 3:48
2 - 25% - 40% - 1:17
PK Defense
1 - 69% - 60% - 3:31
2 - 31% - 40% - 1:34
PK3 Forward
1 - 0% - 60%
2 - 0% - 40%
PK3 Defense
1 - 0% - 60%
2 - 0% - 40%
44 Forward
1 - 0% - 60%
2 - 0% - 40%
44 Defense
1 - 0% - 60%
2 - 0% - 40%
Last Minute Offensive - 0:00
Last Minute Defensive - 0:00
Total
Forward - 60:00
Defense - 60:00
|
% Time on Ice - Thunderbirds
Lines # - Real PCT - Wanted PCT - Time Play
Normal Forward
1 - 36% - 40% - 19:10
2 - 30% - 30% - 15:40
3 - 20% - 20% - 10:35
4 - 14% - 10% - 7:31
Normal Defense
1 - 39% - 40% - 20:29
2 - 33% - 30% - 17:34
3 - 22% - 20% - 11:36
4 - 6% - 10% - 3:17
PP Forward
1 - 51% - 60% - 2:35
2 - 49% - 40% - 2:30
PP Defense
1 - 51% - 60% - 2:36
2 - 49% - 40% - 2:29
PK Forward
1 - 76% - 60% - 1:30
2 - 24% - 40% - 0:29
PK Defense
1 - 45% - 60% - 0:54
2 - 55% - 40% - 1:05
PK3 Forward
1 - 0% - 60%
2 - 0% - 40%
PK3 Defense
1 - 0% - 60%
2 - 0% - 40%
44 Forward
1 - 0% - 60%
2 - 0% - 40%
44 Defense
1 - 0% - 60%
2 - 0% - 40%
Last Minute Offensive - 0:00
Last Minute Defensive - 0:00
Total
Forward - 60:00
Defense - 60:00
|
Play-by-Play
1st period
0:01 of 1st period - Nico Sturm wins face-off versus Pierre Engvall in neutral zone.
0:27 of 1st period - Erik Brannstrom is hit by Dylan Sikura.
1:55 of 1st period - Slapshot by Chandler Stephenson.
1:55 of 1st period - Shot Misses the Net.
1:57 of 1st period - Wrist shot by Chandler Stephenson.
1:57 of 1st period - Shot Misses the Net.
1:59 of 1st period - Snap shot by Jesper Bratt.
1:59 of 1st period - Stopped by Magnus Hellberg with a rebound.
2:01 of 1st period - Slapshot by Trevor Carrick.
2:01 of 1st period - Deflect By Chandler Stephenson.
2:01 of 1st period - Shot Misses the Net.
2:01 of 1st period - Puck is out of play.
2:02 of 1st period - Phillip Danault wins face-off versus Rourke Chartier in Thunderbirds zone.
2:55 of 1st period - Snap shot by Chandler Stephenson.
2:55 of 1st period - Shot Misses the Net.
3:13 of 1st period - Slapshot by Anthony Richard.
3:13 of 1st period - Shot Misses the Net.
3:33 of 1st period - Slapshot by Tanner Jeannot.
3:33 of 1st period - Deflect By Taylor Raddysh.
3:33 of 1st period - Shot Misses the Net.
3:33 of 1st period - Puck is out of play.
3:34 of 1st period - Phillip Danault wins face-off versus Pierre Engvall in Thunderbirds zone.
3:47 of 1st period - Snap shot by Tanner Jeannot.
3:47 of 1st period - Stopped by Magnus Hellberg without a rebound.
3:48 of 1st period - Rourke Chartier wins face-off versus Nico Sturm in Thunderbirds zone.
3:57 of 1st period - Slapshot by Joachim Blichfeld.
3:57 of 1st period - Shot Misses the Net.
3:59 of 1st period - Wrist shot by Pierre Engvall.
3:59 of 1st period - Shot Misses the Net.
4:01 of 1st period - Slapshot by Joachim Blichfeld.
4:01 of 1st period - Shot Blocked by Erik Brannstrom.
4:03 of 1st period - Wrist shot by Calen Addison.
4:03 of 1st period - Shot Misses the Net.
4:05 of 1st period - Wrist shot by Pierre Engvall.
4:05 of 1st period - Goal by Pierre Engvall - Wranglers : 0 - Thunderbirds : 1.
4:06 of 1st period - Nico Sturm wins face-off versus Trent Frederic in neutral zone.
4:36 of 1st period - Snap shot by Anthony Richard.
4:36 of 1st period - Shot Misses the Net.
4:54 of 1st period - Trevor Carrick is hit by Joachim Blichfeld and loses puck.
5:25 of 1st period - Snap shot by Paul Cotter.
5:25 of 1st period - Shot Blocked by Dominik Masin.
5:39 of 1st period - Snap shot by Nico Sturm.
5:39 of 1st period - Shot Misses the Net.
5:41 of 1st period - Wrist shot by Barclay Goodrow.
5:41 of 1st period - Shot Blocked by Artturi Lehkonen.
6:31 of 1st period - Snap shot by Joachim Blichfeld.
6:31 of 1st period - Shot Misses the Net.
6:45 of 1st period - Sami Niku is hit by Frank Corrado and loses puck.
7:06 of 1st period - Snap shot by Peter Cehlarik.
7:06 of 1st period - Goal by Peter Cehlarik - Wranglers : 1 - Thunderbirds : 1.
7:07 of 1st period - Rourke Chartier wins face-off versus Nico Sturm in neutral zone.
7:12 of 1st period - Wrist shot by Joachim Blichfeld.
7:12 of 1st period - Stopped by Joel Hofer with a rebound.
7:14 of 1st period - Wrist shot by Rourke Chartier.
7:14 of 1st period - Goal by Rourke Chartier - Wranglers : 1 - Thunderbirds : 2.
7:15 of 1st period - Anthony Richard wins face-off versus Nico Sturm in neutral zone.
7:30 of 1st period - Wrist shot by Peter Cehlarik.
7:30 of 1st period - Stopped by Magnus Hellberg with a rebound.
7:32 of 1st period - Wrist shot by Peter Cehlarik.
7:32 of 1st period - Stopped by Magnus Hellberg with a rebound.
8:05 of 1st period - Snap shot by Paul Cotter.
8:05 of 1st period - Goal by Paul Cotter - Wranglers : 1 - Thunderbirds : 3.
8:06 of 1st period - Nico Sturm wins face-off versus Rourke Chartier in neutral zone.
8:21 of 1st period - Snap shot by Joachim Blichfeld.
8:21 of 1st period - Shot Blocked by Erik Brannstrom.
8:33 of 1st period - Anthony Richard is hit by Ryan Donato.
8:55 of 1st period - Slapshot by Trent Frederic.
8:55 of 1st period - Stopped by Joel Hofer with a rebound.
8:57 of 1st period - Minor Penalty to Taylor Raddysh for Interference.
8:58 of 1st period - Michael Rasmussen wins face-off versus Phillip Danault in Wranglers zone.
9:11 of 1st period - Wrist shot by Rourke Chartier.
9:11 of 1st period - Shot Blocked by Frank Corrado.
9:27 of 1st period - Dominik Masin is hit by Emil Bemstrom and loses puck.
10:28 of 1st period - Christian Jaros is hit by Joachim Blichfeld and loses puck.
10:57 of 1st period - Penalty to Taylor Raddysh is over, Taylor Raddysh is back on ice.
11:05 of 1st period - Wrist shot by Barclay Goodrow.
11:05 of 1st period - Shot Blocked by Matt Roy.
11:07 of 1st period - Wrist shot by Taylor Raddysh.
11:07 of 1st period - Shot Blocked by Matt Roy.
11:09 of 1st period - Slapshot by Erik Brannstrom.
11:09 of 1st period - Shot Blocked by Henri Jokiharju.
11:19 of 1st period - Slapshot by Nico Sturm.
11:19 of 1st period - Stopped by Magnus Hellberg with a rebound.
11:21 of 1st period - Snap shot by Erik Brannstrom.
11:21 of 1st period - Stopped by Magnus Hellberg without a rebound.
11:22 of 1st period - Rasmus Kupari wins face-off versus Chandler Stephenson in Thunderbirds zone.
11:34 of 1st period - Off-side.
11:35 of 1st period - Chandler Stephenson wins face-off versus Rourke Chartier in neutral zone.
12:27 of 1st period - Christian Jaros is hit by Sami Niku and loses puck.
12:45 of 1st period - Icing by Dylan Blujus.
12:46 of 1st period - Rasmus Kupari wins face-off versus Phillip Danault in Thunderbirds zone.
12:53 of 1st period - Snap shot by Joachim Blichfeld.
12:53 of 1st period - Shot Misses the Net.
12:55 of 1st period - Slapshot by Dylan Blujus.
12:55 of 1st period - Deflect By Pierre Engvall.
12:55 of 1st period - Stopped by Joel Hofer with a rebound.
12:57 of 1st period - Slapshot by Matt Roy.
12:57 of 1st period - Stopped by Joel Hofer with a rebound.
13:11 of 1st period - Slapshot by Nico Sturm.
13:11 of 1st period - Shot Misses the Net.
13:13 of 1st period - Wrist shot by Nico Sturm.
13:13 of 1st period - Stopped by Magnus Hellberg with a rebound.
13:15 of 1st period - Wrist shot by Peter Cehlarik.
13:15 of 1st period - Goal by Peter Cehlarik - Wranglers : 2 - Thunderbirds : 3.
13:16 of 1st period - Rourke Chartier wins face-off versus Nico Sturm in neutral zone.
13:48 of 1st period - Slapshot by Jesper Bratt.
13:48 of 1st period - Shot Misses the Net.
13:50 of 1st period - Slapshot by Jesper Bratt.
13:50 of 1st period - Shot Misses the Net.
13:52 of 1st period - Wrist shot by Chandler Stephenson.
13:52 of 1st period - Goal by Chandler Stephenson - Wranglers : 3 - Thunderbirds : 3.
13:53 of 1st period - Nico Sturm wins face-off versus Rourke Chartier in neutral zone.
14:20 of 1st period - Dylan Sikura is hit by Chandler Stephenson and loses puck.
14:45 of 1st period - Snap shot by Vitali Kravtsov.
14:45 of 1st period - Deflect By Henri Jokiharju.
14:45 of 1st period - Stopped by Magnus Hellberg with a rebound.
14:47 of 1st period - Slapshot by Trevor Carrick.
14:47 of 1st period - Shot Hit the Post.
14:49 of 1st period - Wrist shot by Vladislav Kamenev.
14:49 of 1st period - Shot Misses the Net.
14:53 of 1st period - Wrist shot by Vitali Kravtsov.
14:53 of 1st period - Stopped by Magnus Hellberg without a rebound.
14:54 of 1st period - Rourke Chartier wins face-off versus Nico Sturm in Thunderbirds zone.
15:18 of 1st period - Icing by Dylan Blujus.
15:19 of 1st period - Trent Frederic wins face-off versus Chandler Stephenson in Thunderbirds zone.
17:17 of 1st period - Snap shot by Rourke Chartier.
17:17 of 1st period - Stopped by Joel Hofer with a rebound.
18:20 of 1st period - Henri Jokiharju is hit by Ryan Donato and loses puck.
19:14 of 1st period - Trey Fix-Wolansky is hit by Vladislav Kamenev.
19:45 of 1st period - Joachim Blichfeld is hit by Jesper Bratt and loses puck.
19:56 of 1st period - Trent Frederic is hit by Trevor Carrick and loses puck.
Goals for this period are 3 for Wranglers vs 3 for Thunderbirds.
Shots for this period are 12 for Wranglers vs 8 for Thunderbirds.
2nd period
0:01 of 2nd period - Rourke Chartier wins face-off versus Nico Sturm in neutral zone.
0:31 of 2nd period - Snap shot by Anthony Richard.
0:31 of 2nd period - Stopped by Joel Hofer with a rebound.
0:33 of 2nd period - Wrist shot by Michael Rasmussen.
0:33 of 2nd period - Stopped by Joel Hofer with a rebound.
0:35 of 2nd period - Wrist shot by Michael Rasmussen.
0:35 of 2nd period - Stopped by Joel Hofer without a rebound.
0:36 of 2nd period - Rourke Chartier wins face-off versus Nico Sturm in Wranglers zone.
0:39 of 2nd period - Snap shot by Rourke Chartier.
0:39 of 2nd period - Stopped by Joel Hofer with a rebound.
0:41 of 2nd period - Slapshot by Joachim Blichfeld.
0:41 of 2nd period - Deflect By Rourke Chartier.
0:41 of 2nd period - Shot Blocked by Dominik Masin.
0:41 of 2nd period - Puck is out of play.
0:42 of 2nd period - Rourke Chartier wins face-off versus Nico Sturm in Wranglers zone.
0:51 of 2nd period - Calen Addison is hit by Barclay Goodrow and loses puck.
0:56 of 2nd period - Slapshot by Nico Sturm.
0:56 of 2nd period - Shot Misses the Net.
0:58 of 2nd period - Wrist shot by Nico Sturm.
0:58 of 2nd period - Shot Blocked by Joachim Blichfeld.
1:32 of 2nd period - Snap shot by Jesper Bratt.
1:32 of 2nd period - Deflect By Joachim Blichfeld.
1:32 of 2nd period - Shot Blocked by Henri Jokiharju.
1:32 of 2nd period - Puck is out of play.
1:33 of 2nd period - Anthony Richard wins face-off versus Nico Sturm in Thunderbirds zone.
1:48 of 2nd period - Slapshot by Erik Brannstrom.
1:48 of 2nd period - Stopped by Magnus Hellberg with a rebound.
1:50 of 2nd period - Slapshot by Frank Corrado.
1:50 of 2nd period - Shot Misses the Net.
2:11 of 2nd period - Wrist shot by Emil Bemstrom.
2:11 of 2nd period - Shot Misses the Net.
2:52 of 2nd period - Slapshot by Erik Brannstrom.
2:52 of 2nd period - Stopped by Magnus Hellberg with a rebound.
2:58 of 2nd period - Frank Corrado is hit by Calen Addison and loses puck.
3:39 of 2nd period - Slapshot by Rasmus Kupari.
3:39 of 2nd period - Goal by Rasmus Kupari - Wranglers : 3 - Thunderbirds : 4.
3:40 of 2nd period - Rourke Chartier wins face-off versus Peter Cehlarik in neutral zone.
3:51 of 2nd period - Slapshot by Nico Sturm.
3:51 of 2nd period - Stopped by Magnus Hellberg with a rebound.
3:57 of 2nd period - Snap shot by Barclay Goodrow.
3:57 of 2nd period - Shot Misses the Net.
4:39 of 2nd period - Wrist shot by Chandler Stephenson.
4:39 of 2nd period - Shot Misses the Net.
4:43 of 2nd period - Wrist shot by Chandler Stephenson.
4:43 of 2nd period - Stopped by Magnus Hellberg without a rebound.
4:44 of 2nd period - Rourke Chartier wins face-off versus Nico Sturm in Thunderbirds zone.
5:21 of 2nd period - Wrist shot by Anthony Richard.
5:21 of 2nd period - Stopped by Joel Hofer with a rebound.
5:23 of 2nd period - Snap shot by Anthony Richard.
5:23 of 2nd period - Goal by Anthony Richard - Wranglers : 3 - Thunderbirds : 5.
5:23 of 2nd period - Vitek Vanecek enters game.
5:24 of 2nd period - Joachim Blichfeld wins face-off versus Nico Sturm in neutral zone.
5:28 of 2nd period - Off-side.
5:29 of 2nd period - Nico Sturm wins face-off versus Rourke Chartier in neutral zone.
5:36 of 2nd period - Slapshot by Erik Brannstrom.
5:36 of 2nd period - Shot Blocked by Henri Jokiharju.
5:52 of 2nd period - Slapshot by Peter Cehlarik.
5:52 of 2nd period - Stopped by Magnus Hellberg without a rebound.
5:53 of 2nd period - Anthony Richard wins face-off versus Chandler Stephenson in Thunderbirds zone.
6:18 of 2nd period - Ryan Donato is hit by Frederic Allard and loses puck.
6:25 of 2nd period - Snap shot by Joachim Blichfeld.
6:25 of 2nd period - Stopped by Vitek Vanecek with a rebound.
6:27 of 2nd period - Wrist shot by Rourke Chartier.
6:27 of 2nd period - Shot Blocked by Christian Jaros.
6:29 of 2nd period - Snap shot by Joachim Blichfeld.
6:29 of 2nd period - Shot Misses the Net.
6:49 of 2nd period - Slapshot by Artturi Lehkonen.
6:49 of 2nd period - Stopped by Vitek Vanecek without a rebound.
6:50 of 2nd period - Nico Sturm wins face-off versus Anthony Richard in Wranglers zone.
7:07 of 2nd period - Snap shot by Nico Sturm.
7:07 of 2nd period - Shot Misses the Net.
7:17 of 2nd period - Taylor Raddysh is hit by Pierre Engvall and loses puck.
7:39 of 2nd period - Icing by Frank Corrado.
7:40 of 2nd period - Trent Frederic wins face-off versus Phillip Danault in Wranglers zone.
8:32 of 2nd period - Off-side.
8:33 of 2nd period - Chandler Stephenson wins face-off versus Trent Frederic in neutral zone.
8:45 of 2nd period - Wrist shot by Jesper Bratt.
8:45 of 2nd period - Deflect By Emil Bemstrom.
8:45 of 2nd period - Shot Misses the Net.
8:45 of 2nd period - Puck is out of play.
8:46 of 2nd period - Anthony Richard wins face-off versus Nico Sturm in Thunderbirds zone.
8:46 of 2nd period - Anthony Richard is hit by Brandon Hickey.
9:08 of 2nd period - Minor Penalty to Christian Jaros for Tripping.
9:09 of 2nd period - Peter Cehlarik wins face-off versus Rourke Chartier in Wranglers zone.
9:36 of 2nd period - Peter Cehlarik is hit by Anthony Richard and loses puck.
9:41 of 2nd period - Snap shot by Anthony Richard.
9:41 of 2nd period - Shot Blocked by Frank Corrado.
9:43 of 2nd period - Slapshot by Henri Jokiharju.
9:43 of 2nd period - Shot Misses the Net.
9:45 of 2nd period - Snap shot by Emil Bemstrom.
9:45 of 2nd period - Shot Misses the Net.
9:47 of 2nd period - Snap shot by Anthony Richard.
9:47 of 2nd period - Thunderbirds goal is going for a video replay.
9:47 of 2nd period - The goal is refused. The goalkeeper has been pushed into the net together with the puck after making a save..
9:48 of 2nd period - Phillip Danault wins face-off versus Rourke Chartier in Wranglers zone.
10:31 of 2nd period - Dominik Masin is hit by Emil Bemstrom and loses puck.
10:48 of 2nd period - Snap shot by Emil Bemstrom.
10:48 of 2nd period - Stopped by Vitek Vanecek with a rebound.
10:50 of 2nd period - Wrist shot by Matt Roy.
10:50 of 2nd period - Shot Blocked by Frank Corrado.
10:52 of 2nd period - Snap shot by Emil Bemstrom.
10:52 of 2nd period - Shot Misses the Net.
10:54 of 2nd period - Snap shot by Emil Bemstrom.
10:54 of 2nd period - Deflect By Barclay Goodrow.
10:54 of 2nd period - Shot Misses the Net.
10:54 of 2nd period - Puck is out of play.
10:55 of 2nd period - Phillip Danault wins face-off versus Michael Rasmussen in Wranglers zone.
11:08 of 2nd period - Penalty to Christian Jaros is over, Christian Jaros is back on ice.
11:28 of 2nd period - Slapshot by Erik Brannstrom.
11:28 of 2nd period - Stopped by Magnus Hellberg without a rebound.
11:29 of 2nd period - Chandler Stephenson wins face-off versus Rourke Chartier in Thunderbirds zone.
11:34 of 2nd period - Wrist shot by Jesper Bratt.
11:34 of 2nd period - Shot Blocked by Dylan Blujus.
11:36 of 2nd period - Snap shot by Ryan Donato.
11:36 of 2nd period - Stopped by Magnus Hellberg with a rebound.
11:54 of 2nd period - Trevor Carrick is hit by Dylan Blujus.
12:14 of 2nd period - Frank Corrado is hit by Paul Cotter and loses puck.
12:24 of 2nd period - Minor Penalty to Emil Bemstrom for Interference.
12:25 of 2nd period - Trent Frederic wins face-off versus Nico Sturm in Thunderbirds zone.
12:35 of 2nd period - Off-side.
12:36 of 2nd period - Trent Frederic wins face-off versus Peter Cehlarik in neutral zone.
12:49 of 2nd period - Snap shot by Pierre Engvall.
12:49 of 2nd period - Shot Blocked by Peter Cehlarik.
14:24 of 2nd period - Penalty to Emil Bemstrom is over, Emil Bemstrom is back on ice.
14:38 of 2nd period - Off-side.
14:39 of 2nd period - Rasmus Kupari wins face-off versus Vladislav Kamenev in neutral zone.
14:56 of 2nd period - Brandon Hickey is hit by Trey Fix-Wolansky and loses puck.
15:30 of 2nd period - Vladislav Kamenev is hit by Matt Roy and loses puck.
15:41 of 2nd period - Snap shot by Trey Fix-Wolansky.
15:41 of 2nd period - Stopped by Vitek Vanecek with a rebound.
15:43 of 2nd period - Slapshot by Trey Fix-Wolansky.
15:43 of 2nd period - Stopped by Vitek Vanecek without a rebound.
15:44 of 2nd period - Rourke Chartier wins face-off versus Nico Sturm in Wranglers zone.
15:59 of 2nd period - Snap shot by Rourke Chartier.
15:59 of 2nd period - Shot Misses the Net.
16:35 of 2nd period - Wrist shot by Emil Bemstrom.
16:35 of 2nd period - Stopped by Vitek Vanecek without a rebound.
16:36 of 2nd period - Emil Bemstrom wins face-off versus Phillip Danault in Wranglers zone.
16:52 of 2nd period - Off-side.
16:53 of 2nd period - Rourke Chartier wins face-off versus Barclay Goodrow in neutral zone.
17:08 of 2nd period - Barclay Goodrow is hit by Henri Jokiharju and loses puck.
17:29 of 2nd period - Snap shot by Jesper Bratt.
17:29 of 2nd period - Shot Misses the Net.
17:31 of 2nd period - Snap shot by Ryan Donato.
17:31 of 2nd period - Deflect By Chandler Stephenson.
17:31 of 2nd period - Shot Misses the Net.
17:31 of 2nd period - Puck is out of play.
17:32 of 2nd period - Phillip Danault wins face-off versus Trent Frederic in Thunderbirds zone.
17:35 of 2nd period - Slapshot by Tanner Jeannot.
17:35 of 2nd period - Shot Misses the Net.
17:37 of 2nd period - Snap shot by Taylor Raddysh.
17:37 of 2nd period - Shot Misses the Net.
17:39 of 2nd period - Snap shot by Phillip Danault.
17:39 of 2nd period - Stopped by Magnus Hellberg with a rebound.
17:41 of 2nd period - Slapshot by Brandon Hickey.
17:41 of 2nd period - Shot Misses the Net.
17:43 of 2nd period - Wrist shot by Tanner Jeannot.
17:43 of 2nd period - Shot Hit the Post.
17:45 of 2nd period - Slapshot by Christian Jaros.
17:45 of 2nd period - Stopped by Magnus Hellberg with a rebound.
17:47 of 2nd period - Wrist shot by Taylor Raddysh.
17:47 of 2nd period - Wranglers goal is going for a video replay.
17:47 of 2nd period - The goal is refused. The net was displaced accidentally..
17:48 of 2nd period - Peter Cehlarik wins face-off versus Rourke Chartier in Thunderbirds zone.
17:49 of 2nd period - Snap shot by Nico Sturm.
17:49 of 2nd period - Goal by Nico Sturm - Wranglers : 4 - Thunderbirds : 5.
17:50 of 2nd period - Nico Sturm wins face-off versus Pierre Engvall in neutral zone.
18:16 of 2nd period - Michael Rasmussen is hit by Frank Corrado and loses puck.
18:40 of 2nd period - Off-side.
18:41 of 2nd period - Trent Frederic wins face-off versus Chandler Stephenson in neutral zone.
18:53 of 2nd period - Icing by Christian Jaros.
18:54 of 2nd period - Chandler Stephenson wins face-off versus Rourke Chartier in Wranglers zone.
19:10 of 2nd period - Off-side.
19:11 of 2nd period - Peter Cehlarik wins face-off versus Anthony Richard in neutral zone.
19:29 of 2nd period - Minor Penalty to Frank Corrado for Holding.
19:30 of 2nd period - Rourke Chartier wins face-off versus Phillip Danault in Wranglers zone.
19:38 of 2nd period - Wrist shot by Rourke Chartier.
19:38 of 2nd period - Stopped by Vitek Vanecek with a rebound.
Goals for this period are 1 for Wranglers vs 2 for Thunderbirds.
Shots for this period are 11 for Wranglers vs 15 for Thunderbirds.
3rd period
0:01 of 3rd period - Phillip Danault wins face-off versus Rourke Chartier in neutral zone.
0:34 of 3rd period - Snap shot by Emil Bemstrom.
0:34 of 3rd period - Stopped by Vitek Vanecek with a rebound.
0:36 of 3rd period - Slapshot by Sami Niku.
0:36 of 3rd period - Goal by Sami Niku - Wranglers : 4 - Thunderbirds : 6.
0:37 of 3rd period - Rourke Chartier wins face-off versus Chandler Stephenson in neutral zone.
0:40 of 3rd period - Snap shot by Calen Addison.
0:40 of 3rd period - Stopped by Vitek Vanecek without a rebound.
0:41 of 3rd period - Rourke Chartier wins face-off versus Chandler Stephenson in Wranglers zone.
0:56 of 3rd period - Snap shot by Joachim Blichfeld.
0:56 of 3rd period - Shot Misses the Net.
1:58 of 3rd period - Snap shot by Rasmus Kupari.
1:58 of 3rd period - Shot Misses the Net.
2:00 of 3rd period - Slapshot by Matt Roy.
2:00 of 3rd period - Shot Misses the Net.
2:02 of 3rd period - Slapshot by Dylan Blujus.
2:02 of 3rd period - Stopped by Vitek Vanecek with a rebound.
2:52 of 3rd period - Slapshot by Tanner Jeannot.
2:52 of 3rd period - Stopped by Magnus Hellberg without a rebound.
2:53 of 3rd period - Phillip Danault wins face-off versus Paul Cotter in Thunderbirds zone.
3:00 of 3rd period - Wrist shot by Taylor Raddysh.
3:00 of 3rd period - Shot Misses the Net.
3:02 of 3rd period - Slapshot by Tanner Jeannot.
3:02 of 3rd period - Shot Misses the Net.
3:04 of 3rd period - Wrist shot by Tanner Jeannot.
3:04 of 3rd period - Stopped by Magnus Hellberg with a rebound.
3:06 of 3rd period - Wrist shot by Phillip Danault.
3:06 of 3rd period - Stopped by Magnus Hellberg with a rebound.
3:18 of 3rd period - Trent Frederic is hit by Chandler Stephenson and loses puck.
3:47 of 3rd period - Backhand shot by Nico Sturm.
3:47 of 3rd period - Shot Blocked by Henri Jokiharju.
3:53 of 3rd period - Dominik Masin is hit by Pierre Engvall and loses puck.
4:04 of 3rd period - Slapshot by Trey Fix-Wolansky.
4:04 of 3rd period - Shot Blocked by Trevor Carrick.
4:50 of 3rd period - Icing by Erik Brannstrom.
4:51 of 3rd period - Chandler Stephenson wins face-off versus Rourke Chartier in Wranglers zone.
5:06 of 3rd period - Snap shot by Jesper Bratt.
5:06 of 3rd period - Stopped by Magnus Hellberg with a rebound.
5:16 of 3rd period - Snap shot by Taylor Raddysh.
5:16 of 3rd period - Stopped by Magnus Hellberg with a rebound.
5:19 of 3rd period - Icing by Dylan Blujus.
5:20 of 3rd period - Phillip Danault wins face-off versus Anthony Richard in Thunderbirds zone.
5:23 of 3rd period - Snap shot by Phillip Danault.
5:23 of 3rd period - Shot Misses the Net.
5:31 of 3rd period - Wrist shot by Anthony Richard.
5:31 of 3rd period - Stopped by Vitek Vanecek with a rebound.
5:33 of 3rd period - Slapshot by Michael Rasmussen.
5:33 of 3rd period - Stopped by Vitek Vanecek with a rebound.
5:35 of 3rd period - Snap shot by Anthony Richard.
5:35 of 3rd period - Stopped by Vitek Vanecek without a rebound.
5:36 of 3rd period - Rourke Chartier wins face-off versus Barclay Goodrow in Wranglers zone.
6:02 of 3rd period - Wrist shot by Anthony Richard.
6:02 of 3rd period - Deflect By Dylan Sikura.
6:02 of 3rd period - Shot Misses the Net.
6:02 of 3rd period - Puck is out of play.
6:03 of 3rd period - Chandler Stephenson wins face-off versus Anthony Richard in Wranglers zone.
6:42 of 3rd period - Snap shot by Rourke Chartier.
6:42 of 3rd period - Stopped by Vitek Vanecek without a rebound.
6:43 of 3rd period - Trent Frederic wins face-off versus Chandler Stephenson in Wranglers zone.
6:44 of 3rd period - Wrist shot by Emil Bemstrom.
6:44 of 3rd period - Deflect By Paul Cotter.
6:44 of 3rd period - Shot Misses the Net.
6:44 of 3rd period - Puck is out of play.
6:45 of 3rd period - Chandler Stephenson wins face-off versus Trent Frederic in Wranglers zone.
7:10 of 3rd period - Pierre Engvall is hit by Peter Cehlarik and loses puck.
7:33 of 3rd period - Snap shot by Phillip Danault.
7:33 of 3rd period - Shot Misses the Net.
7:51 of 3rd period - Snap shot by Vitali Kravtsov.
7:51 of 3rd period - Stopped by Magnus Hellberg with a rebound.
8:23 of 3rd period - Slapshot by Erik Brannstrom.
8:23 of 3rd period - Stopped by Magnus Hellberg without a rebound.
8:24 of 3rd period - Rourke Chartier wins face-off versus Nico Sturm in Thunderbirds zone.
8:29 of 3rd period - Calen Addison is hit by Peter Cehlarik and loses puck.
8:34 of 3rd period - Slapshot by Peter Cehlarik.
8:34 of 3rd period - Stopped by Magnus Hellberg without a rebound.
8:35 of 3rd period - Rourke Chartier wins face-off versus Nico Sturm in Thunderbirds zone.
8:44 of 3rd period - Wrist shot by Joachim Blichfeld.
8:44 of 3rd period - Shot Misses the Net.
8:46 of 3rd period - Snap shot by Henri Jokiharju.
8:46 of 3rd period - Deflect By Nico Sturm.
8:46 of 3rd period - Stopped by Vitek Vanecek without a rebound.
8:47 of 3rd period - Rourke Chartier wins face-off versus Nico Sturm in Wranglers zone.
9:22 of 3rd period - Dylan Sikura is hit by Ryan Donato and loses puck.
10:50 of 3rd period - Slapshot by Frederic Allard.
10:50 of 3rd period - Shot Hit the Post.
11:09 of 3rd period - Slapshot by Anthony Richard.
11:09 of 3rd period - Stopped by Vitek Vanecek with a rebound.
11:11 of 3rd period - Slapshot by Sami Niku.
11:11 of 3rd period - Deflect By Anthony Richard.
11:11 of 3rd period - Goal by Anthony Richard - Wranglers : 4 - Thunderbirds : 7.
11:12 of 3rd period - Peter Cehlarik wins face-off versus Rourke Chartier in neutral zone.
11:43 of 3rd period - Wrist shot by Jesper Bratt.
11:43 of 3rd period - Deflect By Ryan Donato.
11:43 of 3rd period - Stopped by Magnus Hellberg without a rebound.
11:44 of 3rd period - Anthony Richard wins face-off versus Chandler Stephenson in Thunderbirds zone.
12:01 of 3rd period - Ryan Donato is hit by Matt Roy and loses puck.
12:14 of 3rd period - Snap shot by Jesper Bratt.
12:14 of 3rd period - Shot Misses the Net.
12:16 of 3rd period - Snap shot by Ryan Donato.
12:16 of 3rd period - Shot Blocked by Dylan Sikura.
12:18 of 3rd period - Wrist shot by Chandler Stephenson.
12:18 of 3rd period - Stopped by Magnus Hellberg with a rebound.
12:48 of 3rd period - Anthony Richard is hit by Erik Brannstrom.
12:59 of 3rd period - Matt Roy is hit by Erik Brannstrom and loses puck.
13:14 of 3rd period - Wrist shot by Jesper Bratt.
13:14 of 3rd period - Stopped by Magnus Hellberg with a rebound.
13:30 of 3rd period - Slapshot by Jesper Bratt.
13:30 of 3rd period - Shot Misses the Net.
13:32 of 3rd period - Slapshot by Chandler Stephenson.
13:32 of 3rd period - Goal by Chandler Stephenson - Wranglers : 5 - Thunderbirds : 7.
13:33 of 3rd period - Nico Sturm wins face-off versus Rourke Chartier in neutral zone.
13:48 of 3rd period - Slapshot by Joachim Blichfeld.
13:48 of 3rd period - Stopped by Vitek Vanecek without a rebound.
13:49 of 3rd period - Trent Frederic wins face-off versus Taylor Raddysh in Wranglers zone.
14:04 of 3rd period - Emil Bemstrom is hit by Taylor Raddysh and loses puck.
14:15 of 3rd period - Calen Addison is hit by Nico Sturm.
14:39 of 3rd period - Trey Fix-Wolansky is hit by Vladislav Kamenev and loses puck.
15:07 of 3rd period - Off-side.
15:08 of 3rd period - Paul Cotter wins face-off versus Phillip Danault in neutral zone.
15:38 of 3rd period - Henri Jokiharju is hit by Peter Cehlarik and loses puck.
15:49 of 3rd period - Barclay Goodrow is hit by Calen Addison and loses puck.
15:55 of 3rd period - Icing by Brandon Hickey.
15:56 of 3rd period - Barclay Goodrow wins face-off versus Trent Frederic in Wranglers zone.
15:56 of 3rd period - Barclay Goodrow is hit by Dylan Blujus.
16:08 of 3rd period - Wrist shot by Nico Sturm.
16:08 of 3rd period - Stopped by Magnus Hellberg with a rebound.
16:39 of 3rd period - Off-side.
16:40 of 3rd period - Chandler Stephenson wins face-off versus Anthony Richard in neutral zone.
16:46 of 3rd period - Wrist shot by Chandler Stephenson.
16:46 of 3rd period - Shot Blocked by Henri Jokiharju.
17:06 of 3rd period - Trent Frederic is hit by Taylor Raddysh and loses puck.
17:43 of 3rd period - Snap shot by Emil Bemstrom.
17:43 of 3rd period - Stopped by Vitek Vanecek with a rebound.
18:22 of 3rd period - Wrist shot by Jesper Bratt.
18:22 of 3rd period - Shot Hit the Post.
18:24 of 3rd period - Slapshot by Trevor Carrick.
18:24 of 3rd period - Stopped by Magnus Hellberg with a rebound.
18:26 of 3rd period - Slapshot by Dominik Masin.
18:26 of 3rd period - Stopped by Magnus Hellberg with a rebound.
18:28 of 3rd period - Snap shot by Chandler Stephenson.
18:28 of 3rd period - Stopped by Magnus Hellberg without a rebound.
18:29 of 3rd period - Phillip Danault wins face-off versus Rourke Chartier in Thunderbirds zone.
19:00 of 3rd period - Wrist shot by Dylan Sikura.
19:00 of 3rd period - Shot Misses the Net.
19:02 of 3rd period - Snap shot by Anthony Richard.
19:02 of 3rd period - Stopped by Vitek Vanecek with a rebound.
19:46 of 3rd period - Slapshot by Trey Fix-Wolansky.
19:46 of 3rd period - Deflect By Dylan Sikura.
19:46 of 3rd period - Shot Blocked by Christian Jaros.
19:46 of 3rd period - Puck is out of play.
19:47 of 3rd period - Nico Sturm wins face-off versus Joachim Blichfeld in Wranglers zone.
Goals for this period are 1 for Wranglers vs 2 for Thunderbirds.
Shots for this period are 16 for Wranglers vs 14 for Thunderbirds.